AoeStats
← Echo

Glade

510383164Analyzed
1v1 RM · 16h ago on Sep 30, 2026· 58m 53s· 2 players
Game mode
Random Map
Map size
Tiny (2 player)
Population
200
Speed
Normal
Resources
Standard
Victory
Conquest
Starting age
Dark Age
Ending age
Imperial Age
RankedLock teamsTeams togetherTeam positionsShared explorationLock speedFull tech treeHidden civsTurbo modeCheats
Victory
Defeat
🇦🇷 Goths · Argentina
1185
+17
🇨🇳 Vikings · China
1210
-17
marimari
0:29 Loom
9:35 Feudal Age
9:44 Man-at-Arms
15:33 Scale Mail Armor
16:34 Double-Bit Axe
22:21 Castle Age
20:43 Horse Collar
21:44 Gold Mining
24:37 Forging
27:15 Chain Mail Armor
27:09 Squires
28:18 Iron Casting
34:46 Long Swordsman
44:22 Murder Holes
49:19 Imperial Age
48:52 Anarchy
49:35 Wheelbarrow
49:51 Two-Handed Swordsman
51:19 Conscription
51:33 Champion
55:16 Town Watch
55:47 Hand Cart
58:04 Blast Furnace
Echo
9:45 Feudal Age
13:49 Castle Age
12:47 Double-Bit Axe
16:12 Loom
25:02 Horse Collar
25:35 Bow Saw
26:39 Squires
26:26 Crossbowman
29:22 Scale Mail Armor
29:33 Heavy Plow
30:22 Forging
29:58 Man-at-Arms
31:48 Chain Mail Armor
31:06 Long Swordsman
33:03 Iron Casting
48:47 Imperial Age
47:04 Arson
49:17 Two-Handed Swordsman
49:23 Arbalester
50:28 Conscription
51:01 Plate Mail Armor
51:40 Blast Furnace
51:05 Conscription
51:07 Fletching
51:17 Padded Archer Armor
54:21 Padded Archer Armor
54:16 Fletching
54:21 Champion
57:47 Blast Furnace
58:11 Gold Mining
58:33 Bodkin Arrow
Connection lost

Rejoining the realm…

Still unreachable

The connection could not be restored.

Session expired

The server has moved on; the page needs a fresh start.